 Dungeon Crawl Stone Soup version 0.23-a0-550-g7de1f8ee9f (console) character file.

340 Harunobu the Skirmisher (level 6, 0/66 HPs)
             Began as an Ogre Berserker on Dec 8, 2018.
             Was a Believer of Trog.
             Succumbed to a scorpion's poison
             ... on level 3 of the Dungeon.
             The game lasted 00:05:54 (3508 turns).

Harunobu the Skirmisher (Ogre Berserker)            Turns: 3508, Time: 00:05:54

Health: 0/66       AC:  3    Str: 26    XL:     6   Next: 56%
Magic:  6/6        EV: 16    Int:  8    God:    Trog [**....]
Gold:   183        SH:  0    Dex: 13    Spells: 5/5 levels left

rFire    + . .     SeeInvis +   f - +0 whip
rCold    + + .     Gourm    .   (no shield)
rNeg     . . .     Faith    .   b - +0 animal skin
rPois    .         Spirit   .   (helmet restricted)
rElec    .         Reflect  .   (no cloak)
rCorr    .         Harm     .   (gloves unavailable)
MR       .....                  (boots unavailable)
Stlth    ++........             q - amulet of regeneration
HPRegen  0.21/turn              d - ring of protection from cold
MPRegen  0.10/turn              n - ring of protection from fire

@: agile, lethally poisoned (0 -> -2), berserk cooldown, slowed, very slow
A: large, unfitting armour, hooves 1, see invisible, cold resistance 1, strong
1, tough skin 1
a: Berserk, Trog's Hand, Renounce Religion


You were on level 3 of the Dungeon.
You worshipped Trog.
Trog was pleased with you.
You were not hungry.

You visited 1 branch of the dungeon, and saw 4 of its levels.

You collected 183 gold pieces.

Inventory:

Hand Weapons
 a - a +0 mace
 f - a +0 whip (weapon)
Armour
 b - a +0 animal skin (worn)
Jewellery
 d - a ring of protection from cold (left hand)
 n - a ring of protection from fire (right hand)
 q - an amulet of regeneration (around neck)
Scrolls
 e - 2 scrolls of teleportation {unknown}
 g - 3 scrolls of remove curse {unknown}
 h - 5 scrolls of fear {unknown}
 j - 2 scrolls of blinking {unknown}
 k - 2 scrolls of identify {unknown}
 l - a scroll of enchant armour {unknown}
 m - a scroll of random uselessness {unknown}
 o - a scroll of fog {unknown}
Potions
 i - a potion of mutation
Comestibles
 c - 3 rations


   Skills:
 + Level 5.3 Fighting
 + Level 4.8 Maces & Flails
 + Level 4.2 Dodging
 + Level 1.0 Stealth


You had 5 spell levels left.
You didn't know any spells.
Your spell library was empty.

Dungeon Overview and Level Annotations

Branches:
Dungeon (4/15)
 Temple: D:4-7

Altars:
Trog
Vehumet
Wu Jian
Xom


Innate Abilities, Weirdness & Mutations

You are too large for most types of armour.
You have tough skin. (AC +1)
You have large cloven feet.
You have supernaturally acute eyesight. (SInv)
Your flesh is cold resistant. (rC+)
Your muscles are strong. (Str +2)


Message History

You feel sick.
* * * LOW HITPOINT WARNING * * *
You feel sick.
* * * LOW HITPOINT WARNING * * *
You feel sick.
It was a potion of mutation.
You feel extremely strange.
You feel stronger.
Your feet thicken and deform.
Your vision sharpens.
You feel resistant to cold.
* * * LOW HITPOINT WARNING * * *
You feel sick.
It was a potion of agility.
You feel agile all of a sudden.
* * * LOW HITPOINT WARNING * * *
You feel sick.
* * * LOW HITPOINT WARNING * * *
You feel sick.
Put on which piece of jewellery? (? for menu, Esc to quit)
You sense that the amulet cannot attune itself to your injured body.
q - an amulet of regeneration (around neck)
You die...

########### #.....)...#
#.#######.## #.# #...
#############.# #.#. ######
###.............# ######. .....#
#.....####......####≈....§
####.###.###.####....<..##..≈..≈§
.<.......# #....@.#######≈.##⌠≈#.
.###.###.###....>.# #.#..###.. .#
#.###......###[######≈..§§##≈. .#
#.##....##.# #......#§^.§≈..## ##
#.##.#####.###.#######≈###≈..≈
####.##.# #...).# #.#...#≈#
........# #.#.##########.≈.#≈.≈
..####### #.#..........##.#.≈..
..# #.##########.########


There were no monsters in sight!

Vanquished Creatures
  Sigmund (D:2)
  A scorpion (D:3)
  An orc priest (D:3)
  3 adders (D:2)
  An ooze (D:1)
  2 worms (D:2)
  3 dart slugs
  6 orcs
  2 ball pythons (D:1)
  5 bats
  4 giant cockroaches
  5 goblins
  7 hobgoblins
  3 quokkas
  2 frilled lizards
  7 kobolds
  2 rats
55 creatures vanquished.

Vanquished Creatures (others)
  2 hobgoblins (D:3)
  A kobold (D:3)
3 creatures vanquished.

Grand Total: 58 creatures vanquished

Notes
Turn   | Place    | Note
-------+----------+-------------------------------------------
     0 | D:1      | Harunobu the Ogre Berserker began the quest for the Orb.
     0 | D:1      | Reached XP level 1. HP: 24/24 MP: 1/1
    90 | D:1      | Reached XP level 2. HP: 28/32 MP: 2/2
   547 | D:1      | Reached XP level 3. HP: 37/40 MP: 3/3
  1031 | D:2      | Found a bloodstained altar of Trog.
  1072 | D:2      | Noticed Sigmund
  1088 | D:2      | Killed Sigmund
  1088 | D:2      | Reached ** piety under Trog
  1088 | D:2      | Reached skill level 5 in Fighting
  1088 | D:2      | Reached XP level 4. HP: 50/50 MP: 4/4
  1088 | D:2      | Reached XP level 5. HP: 57/57 MP: 5/5
  1655 | D:2      | Reached XP level 6. HP: 57/66 MP: 6/6
  1700 | D:2      | Found an ornate altar of the Wu Jian Council.
  2807 | D:3      | Found a radiant altar of Vehumet.
  3143 | D:3      | Found a bloodstained altar of Trog.
  3368 | D:3      | Found a shimmering altar of Xom.
  3494 | D:3      | Reached skill level 1 in Stealth
  3502 | D:3      | HP: 3/66 [poisoned by a scorpion]
  3504 | D:3      | Gained mutation: Your muscles are strong. (Str +2) [potion
                  | of mutation]
  3504 | D:3      | Gained mutation: You have large cloven feet. [potion of
                  | mutation]
  3504 | D:3      | Gained mutation: You have supernaturally acute eyesight.
                  | (SInv) [potion of mutation]
  3504 | D:3      | Gained mutation: Your flesh is cold resistant. (rC+)
                  | [potion of mutation]
  3505 | D:3      | HP: 1/66 [poisoned by a scorpion]
  3508 | D:3      | Succumbed to a scorpion's poison

Vault maps used:
D:1:      sevenhm_arrival_forest_fort_small_6
D:2:      marbit_many_paths, first_ration, trog_three_pillars_becter,
          uniq_sigmund
D:3:      fiery_altar_vehumet, lightli_temple_of_fire, tgw_xom
D:4:      minmay_misc_feat_tiny, uniq_edmund

Skill      XL: |  1  2  3  4  5  6 |
---------------+-------------------+-----
Maces & Flails | 3 4 |  4.8
Dodging        | 3 4 |  4.2
Fighting       | 5 |  5.3
Stealth        | 1 |  1.0

Action                   |  1- 3 |  4- 6 || total
-------------------------+-------+-------++-------
Melee: Mace              |    27 |       ||    27
       Whip              |    67 |   182 ||   249
Invok: Berserk           |     2 |     2 ||     4
  Use: Potion            |       |     2 ||     2
 Stab: Sleeping          |       |     2 ||     2
  Eat: Chunk             |     2 |     9 ||    11
       Ration            |       |     1 ||     1
Armor: Animal skin       |    24 |    51 ||    75
Dodge: Dodged            |    47 |    90 ||   137

Table legend:
 A = Non-vault XP
 B = Vault XP
 C = Vault XP percentage of total XP
 D = Non-vault monster count
 E = Vault monster count
 F = Vault count percentage of total count
                 A         B        C        D         E       F
            +---------+---------+-------+---------+---------+-------
      Total |     237 |     249 |  51.2 |      47 |       8 |  14.5
            +---------+---------+-------+---------+---------+-------
        D:1 |      35 |       0 |   0.0 |      17 |       0 |   0.0
        D:2 |      66 |     236 |  78.1 |      16 |       2 |  11.1
        D:3 |     136 |      13 |   8.7 |      14 |       6 |  30.0
            +---------+---------+-------+---------+---------+-------
